 Dungeon Crawl Stone Soup version 0.28.0-53-g5a82cb258f (webtiles) character file.

Game seed: 17939839663894466248

66 Doot the Sneak (level 3, 0/24 HPs)
             Began as a Vampire Enchanter on July 3, 2022.
             Slain by a phantom (8 damage)
             ... on level 4 of the Dungeon.
             The game lasted 00:03:49 (2034 turns).

Doot the Sneak (Vampire Enchanter)                  Turns: 2034, Time: 00:03:49

Health: 0/24       AC:  2    Str:  7    XL:     3   Next: 96%
Magic:  3/6        EV: 12    Int: 19    God:
Gold:   39         SH:  0    Dex: 14    Spells: 1/6 levels left

rFire   . . .      SeeInvis +   a - +1 dagger
rCold   . . .      Faith    .   (no shield)
rNeg    . . .      Spirit   .   b - +0 robe
rPois   .          Reflect  .   (no helmet)
rElec   .          Harm     .   (no cloak)
rCorr   .          Rampage  .   (no gloves)
Will    .....                   (no boots)
Stlth   +++.......              (no amulet)
HPRegen 0.28/turn               (no ring)
MPRegen 0.10/turn               (no ring)

@: confusing by touch, healing quickly
A: alive, fangs 3, see invisible, vampiric 2
a: Exsanguinate


You were on level 4 of the Dungeon.
You visited 1 branch of the dungeon, and saw 4 of its levels.

You collected 39 gold pieces.

Inventory:

Hand Weapons
 a - a +1 dagger (weapon)
Armour
 b - a +0 robe (worn)
 h - an orb of light
Scrolls
 g - 2 scrolls of identify {unknown}
 i - a scroll of brand weapon {unknown}
Potions
 c - a potion of invisibility
 d - a potion of magic {unknown}
 e - a potion of curing {unknown}
 f - a potion of lignification {unknown}


   Skills:
 + Level 0.1 Fighting
 + Level 1.5 Short Blades
 + Level 2.6 Dodging
 + Level 5.7 Stealth
 + Level 2.3 Spellcasting
 + Level 5.1 Hexes
 + Level 0.4 Ice Magic


You had one spell level left.
You knew the following spells:

 Your Spells              Type           Power      Damage    Failure   Level
a - Ensorcelled Hibernat  Hex/Ice        24%        N/A       8%          2
b - Confusing Touch       Hex            21%        N/A       6%          3

Your spell library contained the following spells:

 Spells                   Type           Power      Damage    Failure   Level
 Tukima's Dance           Hex            21%        N/A       6%          3
 Dazzling Flash           Conj/Hex       22%        N/A       17%         3
 Scorch                   Fire           4%         2d5       24%         2
 Flame Wave               Conj/Fire      2%         2d4       85%         4
 Summon Cactus Giant      Summ           1%         N/A       100%        6


Dungeon Overview and Level Annotations

Branches:
Dungeon (4/15)
 Temple: D:4-7

Altars:


Innate Abilities, Weirdness & Mutations

Your natural rate of healing is accelerated.
You have razor-sharp teeth.
You have supernaturally acute eyesight. (SInv)
You are afflicted with vampirism and can become a bat while bloodless.


Message History

Found a stone staircase leading down.
There is a stone staircase leading down here.
Found a stone staircase leading down.
There is a stone staircase leading down here.
You climb downwards.
Found an escape hatch in the ceiling.
There is a stone staircase leading up here.
Unknown command.
A centaur skeleton comes into view.
Found a ruby potion.
A phantom comes into view.
There is a stone staircase leading up here.
You climb upwards.
There is a stone staircase leading down here.
There is a stone staircase leading down here.
You climb downwards.
Found a golden potion.
There is a stone staircase leading up here.
There are monsters nearby!
Unknown command.
This spell is quite dangerous to cast!
Memorise Confusing Touch, consuming 3 spell levels and leaving 1?
You start memorising the spell.
You continue memorising. x3
You finish memorising.
Spell assigned to 'b'.
Unknown command.
Casting: Ensorcelled Hibernation (safe; 8% risk of failure)
Confirm with . or Enter, or press ? or * to list all spells.
The spell is quite dangerous to miscast (6% risk of failure)!
Continue anyway?
Your hands begin to glow red.
The kobold shouts!
The adder hisses angrily.
The orc priest shouts!
Unknown command.
The orc priest calls down the wrath of Beogh upon you.
Beogh smites you! The adder barely misses you. The phantom hits you.
The phantom blinks!
You blink.
You stop ascending the stairs.
Unknown command.
The kobold throws a poisoned dart.
The poisoned dart barely misses you. The phantom hits you.
The phantom blinks!
You blink.
The phantom hits you!
You die...

#..........#
#....<.....#
#.....÷....#
#..........#
#..........#
##........#####
#........$....
#?.........## .
##......oK@.# ..
##.........WS# .#
#....<....S..# ..
#............## .#
#........!...§##.###
##..........#......#
##...#.....####.#....
#####.###.# # . #.#
#.# ..


You could see a phantom, an orc priest, 2 adders and a kobold.

Vanquished Creatures
  An orc wizard (D:3)
  A dart slug (D:1)
  6 orcs
  3 ball pythons
  A bat (D:2)
  3 endoplasms (D:1)
  3 goblins
  6 hobgoblins
  2 quokkas (D:2)
  A kobold (D:1)
  A rat (D:1)
28 creatures vanquished.

Notes
Turn   | Place    | Note
-------+----------+-------------------------------------------
     0 | D:1      | Doot the Vampire Enchanter began the quest for the Orb.
     0 | D:1      | Reached XP level 1. HP: 13/13 MP: 3/3
    66 | D:1      | Reached skill level 5 in Stealth
   254 | D:1      | Reached XP level 2. HP: 11/19 MP: 5/5
   288 | D:1      | Learned a level 2 spell: Ensorcelled Hibernation
   344 | D:1      | Found a faded altar of an unknown god.
  1151 | D:3      | Reached skill level 5 in Hexes
  1151 | D:3      | Gained mutation: You are afflicted with vampirism and can
                  | become a bat while bloodless. [Vampire growth]
  1151 | D:3      | Reached XP level 3. HP: 24/24 MP: 6/6
  1780 | D:4      | Noticed a phantom
  1994 | D:4      | Noticed a phantom
  2029 | D:4      | Learned a level 3 spell: Confusing Touch
  2034 | D:4      | Slain by a phantom

Illustrated notes

Levels and vault maps discovered:
D:1:      dpeg_arrival_water_temple_mockup, layout_loops_ring,
          ebering_ecumenical_altar_sacrificial
D:2:      layout_loops_ring, uniq_crazy_yiuf_cottage
D:3:      layout_loops_corners, elyvilon_altar_4, amcnicky_altar_gilded,
          serial_shops, nicolae_shop_statue_plus, uniq_terence
D:4:      layout_rooms, old_standard_altar,
          nicolae_dithmenos_through_a_glass_darkly, uniq_grinder

Skill      XL: |  1  2 |
---------------+-------+-----
Stealth        | 5 |  5.7
Hexes          | 5 |  5.1
Fighting       | |  0.1
Short Blades   | |  1.5
Dodging        | |  2.6
Spellcasting   | |  2.3
Ice Magic      | |  0.4

Action                   || total
-------------------------++-------
Melee: Dagger            ||    77
       Bite              ||    13
       Punch             ||     1
 Cast: Ensorcelled Hiber ||    25
       Confusing Touch   ||     1
 Stab: Sleeping          ||    16
Armor: Robe              ||    10
Dodge: Dodged            ||    48
